 Dungeon Crawl Stone Soup version 0.17-a0-1447-g3d113ad (webtiles) character file.

1977 helvittejase the Cleaver (level 9, -1/65 HPs)
             Began as a Demonspawn Berserker on June 29, 2015.
             Was an Elder of Trog.
             Slain by a gnoll sergeant
             ... wielding a +3 trident of freezing
              (2 damage)
             ... on level 6 of the Dungeon.
             The game lasted 00:12:35 (6238 turns).

helvittejase the Cleaver (Demonspawn Berserker)     Turns: 6238, Time: 00:12:35

Health: -1/65      AC: 14    Str: 18    XL:     9   Next: 0%
Magic:  9/9        EV:  7    Int: 12    God:    Trog [****..]
Gold:   390        SH:  0    Dex: 12    Spells: 0 memorised, 8 levels left

rFire  . . .     SeeInvis +     a - +0 hand axe
rCold  . . .     Clarity  .     p - +1 chain mail
rNeg   . . .     SustAt   +     (no shield)
rPois  .         Gourm    .     (helmet unavailable)
rElec  .         Spirit   .     h - +2 cloak
rCorr  .         Warding  .     (no gloves)
rMut   .         Stasis   .     (no boots)
MR     .....                    (no amulet)
Stlth  ..........               m - ring of sustain attributes
                                i - ring of stealth

@: exhausted, slowed, very slow, not resistant to hostile enchantments,
extremely unstealthy
A: antennae 3, rugged brown scales 1, nightstalker 1
a: Burn Spellbooks, Berserk, Trog's Hand, Brothers in Arms, Renounce Religion


You were on level 6 of the Dungeon.
You worshipped Trog.
Trog was greatly pleased with you.
You were hungry.

You visited 1 branch of the dungeon, and saw 6 of its levels.

You collected 390 gold pieces.

Inventory:

Hand weapons
 a - a +0 hand axe (weapon)
Armour
 b - a +0 animal skin
 g - a +1 hat
 h - a +2 cloak (worn)
 l - a +0 ring mail
 p - a +1 chain mail (worn)
 s - a +0 pair of gloves
Jewellery
 i - a ring of stealth (left hand)
 m - a ring of sustain attributes (right hand)
Magical devices
 q - a wand of disintegration (8)
Scrolls
 c - 2 scrolls of identify
 f - 6 scrolls of teleportation
 o - 9 scrolls of remove curse
 u - a scroll of fog {unknown}
 v - a scroll of immolation {unknown}
 w - a scroll of enchant armour
 y - a scroll of fear {unknown}
Potions
 d - a potion of resistance {unknown}
 e - a potion of flight
 k - a potion of agility
 t - 2 potions of brilliance {unknown}
 x - 2 potions of curing {unknown}
Comestibles
 j - 3 beef jerkies
 n - 3 bread rations
 r - 5 fruits


   Skills:
 + Level 3.6 Fighting
 + Level 10.6 Axes
 + Level 2.7 Armour
 - Level 1.7 Dodging


You had 8 spell levels left.
You didn't know any spells.

Dungeon Overview and Level Annotations

Branches:
Dungeon (6/15)             Temple (0/1) D:4

Altars:
Fedhas
Qazlal
Sif Muna


Innate Abilities, Weirdness & Mutations

You have a pair of large antennae on your head (SInv).
You are partially covered in rugged brown scales (AC +1, +3% HP).
You are slightly more attuned to the shadows.


Message History

The gnoll sergeant is severely wounded.
The gnoll sergeant hits you but does no damage.
The gnoll sergeant blocks your attack.
The gnoll sergeant is severely wounded.
The gnoll sergeant barely misses you.
You hit the gnoll sergeant but do no damage.
The gnoll sergeant is severely wounded.
The gnoll sergeant barely misses you.
You hit the gnoll sergeant but do no damage.
The gnoll sergeant is severely wounded.
The gnoll sergeant hits you with a trident of freezing.
* * * LOW HITPOINT WARNING * * *
The gnoll sergeant freezes you.
* * * LOW HITPOINT WARNING * * *
You slash the gnoll sergeant!
The gnoll sergeant is almost dead.
The gnoll sergeant hits you with a trident of freezing.
* * * LOW HITPOINT WARNING * * *
The gnoll sergeant freezes you.
You die...

#.#####...#.#..(.....##.##......#
#.......#.#.#..............#.##..
#######.#.#.#.........#.##.#.....
........{#.#.#.#..#.##.##...##..
...##........#....#.##.####.# . .
#.#.†....)...>#.##.##...#
#.######(#....#(##.##.### #
##.###..).#.##.#(##.##'####
##.#..........g@..#(##.......#
..........##.(#†###(####.....#
####.#......#..#.#....# #.....#
......(........#.#.#).###.....#
###.##.####....#.#......#.....# #
...# ####.#.##..##.####### #####
###.....##.# #####....# ######


You could see a gnoll sergeant.

Vanquished Creatures
  A hungry ghost (D:6)
  2 ice beasts (D:6)
  The ghost of downad the Skirmisher, an average HuWn (D:3)
  3 centaurs
  A sky beast (D:6)
  A big kobold (D:6)
  A giant frog (D:6)
  3 scorpions
  3 wights (D:6)
  A crimson imp (D:5)
  A hound (D:6)
  A gnoll shaman (D:4)
  Ijyb (D:3)
  3 orc priests (D:6)
  Jessica (D:3)
  Terence (D:2)
  Natasha (D:3)
  2 iguanas
  2 orc wizards
  A killer bee zombie (D:5)
  2 worker ants
  15 adders
  12 gnolls
  A river rat (D:3)
  2 shadow imps
  A giant gecko (D:6)
  18 orcs
  15 bats
  A bat zombie (D:6)
  8 giant cockroaches
  9 goblins
  8 hobgoblins
  13 kobolds
  A ball python (D:3)
  8 giant newts
  A jackal zombie (D:5)
  4 quokkas
  16 rats
166 creatures vanquished.

Notes
Turn   | Place    | Note
--------------------------------------------------------------
     0 | D:1      | helvittejase the Demonspawn Berserker began the quest for the Orb.
     0 | D:1      | Reached XP level 1. HP: 18/18 MP: 1/1
   125 | D:1      | Gained mutation: You have a pair of small antennae on your head. [demonic ancestry]
   125 | D:1      | Reached XP level 2. HP: 17/24 MP: 2/2
   432 | D:1      | Acquired Trog's second power
   485 | D:1      | Gained mutation: You are partially covered in rugged brown scales (AC +1, +3% HP). [demonic ancestry]
   485 | D:1      | Reached XP level 3. HP: 23/29 MP: 3/3
   727 | D:2      | Reached skill level 4 in Axes
   893 | D:2      | Reached XP level 4. HP: 36/36 MP: 4/4
   952 | D:2      | Noticed Terence
   960 | D:2      | Killed Terence
  1394 | D:3      | Reached skill level 5 in Axes
  1421 | D:3      | Noticed downad's ghost (average HuWn)
  1433 | D:3      | Killed downad's ghost
  1433 | D:3      | Gained mutation: You have a pair of antennae on your head. [demonic ancestry]
  1433 | D:3      | Reached XP level 5. HP: 38/42 MP: 5/5
  1712 | D:3      | Reached skill level 6 in Axes
  1822 | D:3      | Noticed Ijyb
  1890 | D:3      | Killed Ijyb
  1890 | D:3      | Gained mutation: You have a pair of large antennae on your head (SInv). [demonic ancestry]
  1890 | D:3      | Reached XP level 6. HP: 42/48 MP: 6/6
  2176 | D:3      | Noticed Jessica
  2187 | D:3      | Killed Jessica
  2205 | D:3      | Noticed Natasha
  2215 | D:3      | Killed Natasha
  2403 | D:4      | Reached skill level 7 in Axes
  2681 | D:4      | Found a staircase to the Ecumenical Temple.
  2821 | D:4      | Acquired Trog's third power
  3013 | D:4      | Gained mutation: You are slightly more attuned to the shadows. [demonic ancestry]
  3013 | D:4      | Reached XP level 7. HP: 30/53 MP: 7/7
  3600 | D:4      | Found a stormy altar of Qazlal.
  3953 | D:5      | Entered Level 5 of the Dungeon
  4350 | D:5      | Reached skill level 8 in Axes
  4662 | D:5      | Found a blossoming altar of Fedhas.
  4918 | D:5      | Found a deep blue altar of Sif Muna.
  5294 | D:6      | Reached skill level 9 in Axes
  5294 | D:6      | Reached XP level 8. HP: 35/59 MP: 8/8
  5358 | D:6      | Received a gift from Trog
  5667 | D:6      | Reached skill level 10 in Axes
  6226 | D:6      | Reached XP level 9. HP: 44/65 MP: 9/9
  6238 | D:6      | HP: 1/65 [gnoll sergeant/trident of freezing (5)]
  6238 | D:6      | Slain by a gnoll sergeant

Vault maps used:
D:1:      onia_arrival_pyramid, hex_intersection, serial_bayou_ford_a
D:2:      uniq_terence
D:3:      first_bread, portal_sewer_entry_b, uniq_natasha, uniq_iyjb,
          uniq_jessica
D:4:      minmay_temple_entry_large_hall, nicolae_qazlal_eye_of_the_storm
D:5:      lemuel_crystal_altar, lemuel_blue_sif_altar
D:6:      lemuel_round_altar, minmay_joined_circles, uniq_prince_ribbit1

Action                   |  1- 3 |  4- 6 |  7- 9 || total
-------------------------+-------+-------+-------++-------
Melee: Hand axe          |   123 |   303 |   435 ||   861
Invok: Berserk           |     1 |     3 |     4 ||     8
       Trog's Hand       |       |     1 |     2 ||     3
  Use: Potion            |       |     3 |       ||     3
       Scroll            |       |       |     7 ||     7
 Stab: Sleeping          |     2 |     1 |       ||     3
  Eat: Chunk             |     1 |     6 |     6 ||    13
       Bread ration      |       |     1 |     1 ||     2
       Meat ration       |       |       |     1 ||     1
       Beef jerky        |       |       |     1 ||     1
